 Seeded DCSS version 0.28.0-62-gf88900778d (webtiles) character file.

Game seed: 12786208799523449626 (custom seed)

210 Mickster the Chopper (level 5, -1/47 HPs)
             Began as a Hill Orc Berserker on May 2, 2023.
             Was a Believer of Trog.
             Slain by an orc warrior
             ... wielding a +0 scimitar
              (13 damage)
             ... on level 4 of the Dungeon.
             The game lasted 00:23:23 (2856 turns).

Mickster the Chopper (Hill Orc Berserker)           Turns: 2856, Time: 00:23:24

Health: -1/47      AC: 11    Str: 22    XL:     5   Next: 88%
Magic:  5/5        EV:  7    Int: 10    God:    Trog [**....]
Gold:   6          SH:  0    Dex: 10    Spells: 4/4 levels left

rFire   . . .      SeeInvis .   h - +2 mace of the Turnip {flame, rN+ Int+3}
rCold   . . .      Faith    .   b - orb {mayhem}
rNeg    + . .      Spirit   .   r - +0 plate armour
rPois   .          Reflect  .   (no helmet)
rElec   .          Harm     .   (no cloak)
rCorr   .          Rampage  .   (no gloves)
Will    ++...                   (no boots)
Stlth   ..........              g - amulet of regeneration
HPRegen 1.95/turn               (no ring)
MPRegen 0.09/turn               (no ring)

@: strong-willed, on berserk cooldown, regenerating, slowed, very slow
A: no striking features
a: Renounce Religion, Berserk, Trog's Hand


You were on level 4 of the Dungeon.
You worshipped Trog.
Trog was pleased with you.
You visited 1 branch of the dungeon, and saw 4 of its levels.

You collected 105 gold pieces.
You spent 99 gold pieces at shops.

Inventory:

Hand Weapons
 a - a +1 hand axe
 h - the +2 mace of the Turnip (weapon) {flame, rN+ Int+3}
   (You found it on level 2 of the Dungeon)

   It burns those it strikes, dealing additional fire damage.
   Int:       It affects your intelligence (+3).
   rN:        It protects you from negative energy.
 i - a +2 short sword of flaming
 k - a +0 club
 m - a +0 hunting sling
 n - a +2 vampiric demon whip
 y - a +0 war axe
Missiles
 c - 86 stones
 d - 16 bolts
 j - 70 arrows
 p - 5 poisoned darts
 x - 23 sling bullets
 B - 3 boomerangs of dispersal (quivered)
Armour
 b - an orb of mayhem (worn)
 r - a +0 plate armour (worn)
Jewellery
 g - an amulet of regeneration (around neck)
 w - a ring of positive energy
Wands
 q - a wand of flame (17)
Scrolls
 f - a scroll of amnesia
 l - a scroll of identify
 o - a scroll of blinking {unknown}
 t - 3 scrolls of teleportation
Potions
 e - 3 potions of curing
 s - a potion of heal wounds {unknown}
 u - a potion of might {unknown}
 v - a potion of cancellation {unknown}
 z - a potion of brilliance {unknown}
 A - a potion of degeneration {unknown}


   Skills:
 + Level 4.8 Fighting
 - Level 4.9(5.3) Axes
 * Level 2.4(3.6) Maces & Flails
 - Level 0.2(1.0) Slings
 * Level 1.4 Throwing
 + Level 3.2 Armour
 + Level 2.1 Dodging
 + Level 0.2 Stealth


You had 4 spell levels left.
You didn't know any spells.
Your spell library was empty.

Dungeon Overview and Level Annotations

Branches:
Dungeon (4/15)
 Temple: D:4-7

Altars:
Cheibriados
Sif Muna

Shops:
D:3 ***?


Message History

The orc warrior hits you with a +0 scimitar!
You thump the orc warrior! You burn the orc warrior.
The orc warrior is moderately wounded.
The orc hits you but does no damage. The orc warrior closely misses you.
You barely miss the orc warrior.
The orc warrior is moderately wounded.
The orc hits you with a +0 dagger.
The orc warrior hits you with a +0 scimitar.
You hit the orc warrior. You burn the orc warrior.
The orc warrior is severely wounded.
You closely miss the orc warrior.
The orc warrior is severely wounded.
The orc warrior hits you with a +0 scimitar!
The orc barely misses you.
You hit the orc warrior. You burn the orc warrior.
The orc warrior is severely wounded.
You are no longer berserk.
You are exhausted.
You feel yourself slow down. The orc warrior closely misses you.
The orc completely misses you.
You closely miss the orc warrior.
The orc warrior is severely wounded.
The orc closely misses you.
The orc warrior hits you with a +0 scimitar! x2
* * * LOW HITPOINT WARNING * * *
The orc hits you but does no damage.
You hit the orc warrior but do no damage.
The orc warrior is severely wounded.
The orc barely misses you.
The orc warrior hits you with a +0 scimitar.
* * * LOW HITPOINT WARNING * * *
The orc hits you but does no damage. The orc warrior barely misses you.
You hit the orc warrior but do no damage.
The orc warrior is severely wounded.
The orc hits you but does no damage.
The orc warrior hits you but does no damage.
Your skin crawls.
You feel strong-willed.
The orc warrior hits you with a +0 scimitar!
You die...

..##....#######
..............######
.###.###...#..#....# .#
#.###.#.#....##.#####
........................
#.#.##.###...#.........<
.............$.........
###.######.......).###
#.. #..####@### ##. #oo#
#. ##o# .. Z. ... ....
..... ...###


You could see an orc warrior, 2 orcs and a hound skeleton.

Vanquished Creatures
  3 orc priests
  Ijyb (D:3)
  Terence (D:2)
  Robin (D:3)
  A gnoll (D:3)
  An adder (D:2)
  2 dart slugs
  4 orcs
  4 ball pythons
  7 bats
  4 endoplasms
  3 giant cockroaches
  12 goblins
  6 hobgoblins
  2 kobolds (D:2)
  A quokka (D:1)
  3 frilled lizards
  6 rats
62 creatures vanquished.

Vanquished Creatures (collateral kills)
  2 goblins (D:3)
2 creatures vanquished.

Vanquished Creatures (others)
  An orc (D:3)
  A frilled lizard (D:3)
2 creatures vanquished.

Grand Total: 66 creatures vanquished

Notes
Turn   | Place    | Note
-------+----------+-------------------------------------------
     0 | D:1      | Mickster the Hill Orc Berserker began the quest for the
                  | Orb.
     0 | D:1      | Reached XP level 1. HP: 19/19 MP: 1/1
   164 | D:1      | Reached XP level 2. HP: 7/27 MP: 2/2
   882 | D:1      | Reached XP level 3. HP: 30/33 MP: 3/3
  1110 | D:1      | Found a faded altar of an unknown god.
  1210 | D:2      | Noticed Terence
  1229 | D:2      | Killed Terence
  1253 | D:2      | Reached XP level 4. HP: 19/41 MP: 4/4
  1274 | D:2      | Reached ** piety under Trog
  1564 | D:2      | Identified the +2 mace of the Turnip {flame, rN+ Int+3}
  1884 | D:3      | Noticed Robin
  1896 | D:3      | Killed Robin
  1896 | D:3      | Noticed Ijyb
  1904 | D:3      | Reached skill level 1 in Maces & Flails
  1911 | D:3      | Killed Ijyb
  1912 | D:3      | Reached skill level 1 in Throwing
  1912 | D:3      | Reached XP level 5. HP: 31/47 MP: 5/5
  2138 | D:3      | Found Diazxaduu's Assorted Antiques.
  2143 | D:3      | Bought a sapphire potion for 19 gold pieces
  2143 | D:3      | Bought a scroll labelled TAPPAI CEISE for 22 gold pieces
  2143 | D:3      | Bought a fizzy blue potion for 19 gold pieces
  2157 | D:3      | Found Guhiosm's General Store.
  2168 | D:3      | Bought a scroll of teleportation for 39 gold pieces
  2205 | D:3      | Found a snail-covered altar of Cheibriados.
  2214 | D:3      | Found a shimmering blue altar of Sif Muna.
  2429 | D:3      | Found Rega's General Store.
  2476 | D:3      | Found Kyjo's Magic Scroll Shoppe.
  2834 | D:4      | Noticed an orc warrior
  2856 | D:4      | Slain by an orc warrior

Illustrated notes

Levels and vault maps discovered:
D:1:      dpeg_arrival_signposts, layout_loops_cross,
          ebering_ecumenical_altar_mist, supply_closet_lemuel
D:2:      layout_rooms, hangedman_decor_lopped, uniq_terence
D:3:      layout_loops_ring, mainiacjoe_overflow_big_doors, serial_shops, shop,
          nicolae_shop_hallway_stairs, nicolae_shop_stone,
          nicolae_shop_hallway_plus, kennysheep_generic_room_8, uniq_ijyb,
          uniq_robin
D:4:      layout_basic, serial_undead, serial_undead_f, serial_undead_d,
          serial_undead_a, serial_undead_a, uniq_pikel

Skill      XL: |  1  2  3  4  5 |
---------------+----------------+-----
Fighting       | 4 |  4.8
Dodging        | 2 |  2.1
Maces & Flails | 1 2 |  2.4
Throwing       | 1 |  1.4
Armour         | 3 |  3.2
Axes           | |  4.9
Slings         | |  0.2
Stealth        | |  0.2

Action                   |  1- 3 |  4- 6 || total
-------------------------+-------+-------++-------
Melee: Hand axe          |    91 |    19 ||   110
       Punch             |     1 |       ||     1
       Demon whip        |       |    12 ||    12
       Mace              |       |    48 ||    48
Invok: Berserk           |     2 |     4 ||     6
       Trog's Hand       |       |     2 ||     2
  Use: Scroll            |     4 |     1 ||     5
       Potion            |     1 |       ||     1
Armor: Animal skin       |    20 |       ||    20
       Chain mail        |    31 |    31 ||    62
       Plate armour      |       |    25 ||    25
Dodge: Dodged            |    62 |    44 ||   106
